Map: Ascension to Aiur LE

Players

JonSnow - Winner!

  • Race: Zerg Zerg
  • League: Grandmaster
  • Spawn Location: 5:00

Kelazhur

  • Race: Terran Terran
  • League: Master
  • Spawn Location: 11:00

VOD

Have the link to the VOD?

Description

Time

  • Played on: Dec. 23, 2017, 6:42 p.m.
  • Length: 10:02
Show
View Real Time Build Order
Export as new Build Order

JonSnow Zerg - Winner!

Build Orders: Hatch First 

Get SALT Encoding   

  12  0:01  Drone  
  13  0:12  Overlord  
  13  0:17  Drone  
  14  0:31  Drone x2  
  14  0:35  Drone  
  17  0:53  Drone  
  18  0:57  Hatchery  
  18  1:00  Drone  
  18  1:08  Extractor  
  18  1:09  Drone  
  18  1:19  Spawning Pool  
  18  1:21  Drone  
  18  1:28  Drone  
  19  1:38  Overlord  
  19  1:50  Drone  
  20  2:00  Drone  
  21  2:06  Queen  
  23  2:08  Metabolic Boost  
  23  2:09  Queen  
  23  2:10  Zergling x2  
  23  2:12  Zergling x2  
  27  2:28  Hatchery  
  26  2:33  Zergling x2  
  27  2:37  Drone x2  
  28  2:44  Drone x2  
  28  2:45  Drone  
  31  2:53  Queen  
  33  2:59  Drone x2  
  33  3:05  Overlord  
  34  3:13  Overlord  
  34  3:14  Drone  
  35  3:24  Zergling x6  
  35  3:26  Zergling x2  
  39  3:29  Queen  
  39  3:30  Drone x2  
  43  3:35  Drone  
  43  3:36  Drone  
  44  3:45  Queen  
  44  3:46  Queen  
  48  3:48  Overlord  
  48  3:57  Zergling x4  
  50  4:05  Zergling x14  
  57  4:13  Baneling Nest  
  56  4:18  Zergling x12  
  56  4:24  Drone x3  
  64  4:30  Drone x2  
  64  4:38  Drone x3  
  66  4:40  Overlord x2  
  66  4:42  Extractor  
  66  4:43  Extractor  
  64  4:46  Spore Crawler  
  64  4:51  Lair  
  63  4:58  Baneling x2  
  63  5:01  Drone x5  
  63  5:02  Drone  
  66  5:17  Zergling x16  
  71  5:26  Drone x3  
  66  5:39  Spore Crawler  
  63  5:43  Drone x6  
  68  5:53  Drone x4  
  68  5:54  Drone  
  68  5:55  Overseer  
  73  5:57  Drone  
  73  6:01  Baneling x3  
  74  6:11  Overlord x2  
  74  6:17  Overlord  
  74  6:18  Evolution Chamber x2  
  72  6:27  Overlord  
  72  6:29  Drone x4  
  72  6:30  Drone  
  77  6:33  Drone x2  
  75  6:43  Drone x5  
  75  6:44  Drone  
  75  6:46  Drone  
  74  6:55  Centrifical Hooks  
  74  6:57  Zerg Melee Weapons Level 1  
  74  7:00  Zerg Ground Armor Level 1  
  74  7:03  Drone x2  
  74  7:04  Drone  
  74  7:06  Extractor x2  
  75  7:10  Drone x3  
  75  7:14  Drone x3  
  81  7:18  Baneling x4  
  81  7:21  Zergling x6  
  84  7:27  Extractor, Drone  
  84  7:29  Hydralisk Den  
  83  7:31  Drone  
  83  7:32  Zergling x2  
  83  7:33  Zergling x8  
  83  7:36  Drone x3  
  91  7:38  Drone  
  92  7:45  Zergling x8  
  96  7:51  Hatchery  
  96  7:53  Baneling x5  
  96  7:56  Zergling x8  
  96  7:58  Baneling x3  
  99  8:00  Overlord  
  99  8:03  Baneling  
  99  8:12  Zergling x16  
  100  8:18  Drone  
  101  8:22  Hatchery  
  101  8:24  Infestation Pit  
  99  8:30  Drone  
  99  8:31  Muscular Augments  
  99  8:33  Drone  
  101  8:36  Drone  
  101  8:37  Drone x9  
  111  8:46  Overlord  
  111  8:47  Overlord  
  111  8:53  Baneling x2  
  111  8:59  Baneling x5  
  111  9:05  Hydralisk x4  
  119  9:12  Hydralisk  
  119  9:13  Hydralisk x3  
  127  9:18  Hydralisk x2  
  130  9:26  Hydralisk x2  
  130  9:28  Zergling x2  
  135  9:32  Baneling x2  
  135  9:33  Baneling x3  
  135  9:34  Zergling x12  
  140  9:40  Zergling x2  
  140  9:41  Zergling x14  
Show
View Real Time Build Order
Export as new Build Order

Kelazhur Terran 

Build Orders: Gas First Reaper Expand, Reaper Expand, MMM Bio 

Get SALT Encoding   

  12  0:00  SCV  
  13  0:12  SCV  
  14  0:17  Supply Depot  
  14  0:24  SCV  
  15  0:28  Refinery  
  15  0:38  SCV  
  16  0:44  Barracks  
  16  0:51  SCV  
  17  1:03  SCV  
  18  1:15  SCV  
  19  1:31  Reaper, Orbital Command  
  20  1:42  Command Center  
  20  1:54  Factory  
  20  1:58  SCV  
  21  2:06  Barracks Reactor  
  21  2:08  Supply Depot  
  21  2:12  SCV  
  22  2:16  Refinery  
  22  2:24  SCV  
  23  2:36  SCV  
  24  2:47  Starport  
  24  2:48  SCV  
  25  2:54  Orbital Command  
  25  2:55  Hellion x2  
  29  3:00  SCV  
  29  3:02  Barracks Tech Lab  
  31  3:12  SCV  
  31  3:17  Hellion x2  
  35  3:21  SCV  
  35  3:26  SCV  
  37  3:31  Viking  
  37  3:33  High Capacity Fuel Tanks, SCV  
  40  3:40  SCV  
  41  3:42  Supply Depot  
  41  3:45  SCV  
  42  3:52  SCV  
  43  3:57  SCV  
  43  4:01  Medivac  
  46  4:04  SCV  
  46  4:07  Command Center  
  46  4:09  SCV  
  48  4:17  SCV  
  47  4:26  Supply Depot  
  47  4:31  SCV  
  46  4:39  Supply Depot  
  46  4:40  Command Center  
  46  4:48  SCV x2  
  46  4:52  Barracks  
  48  4:53  Barracks  
  48  4:54  Factory Reactor  
  48  4:55  Engineering Bay x2  
  47  5:00  SCV x2  
  47  5:08  Marine  
  47  5:12  SCV x2  
  44  5:14  Starport Reactor  
  44  5:15  Stimpack  
  37  5:24  SCV x2  
  36  5:30  Supply Depot  
  36  5:34  Orbital Command  
  36  5:35  Marine  
  36  5:36  SCV  
  36  5:39  Marine x2  
  33  5:44  Marine  
  34  5:53  Marine  
  34  5:55  SCV  
  35  6:01  SCV  
  36  6:06  Hellion  
  36  6:09  Hellion  
  40  6:12  Marine x2  
  40  6:15  Marine  
  43  6:20  SCV  
  43  6:24  Marine  
  45  6:26  Orbital Command  
  45  6:32  SCV  
  46  6:44  SCV  
  46  6:45  Marine  
  46  6:46  Marine  
  46  6:52  SCV  
  46  6:53  Marine  
  49  6:56  Medivac x2, SCV  
  49  7:00  Engineering Bay x2, Factory Reactor  
  53  7:01  Supply Depot  
  53  7:04  SCV  
  54  7:11  Supply Depot  
  54  7:15  Combat Shields  
  54  7:20  Supply Depot  
  54  7:23  Marine x3, SCV x2  
  54  7:26  Terran Infantry Weapons Level 1  
  54  7:28  Terran Infantry Armor Level 1  
  59  7:35  SCV x2  
  61  7:37  Marine x2  
  61  7:41  Marine  
  64  7:45  Refinery  
  64  7:47  SCV  
  64  7:49  Marine x2  
  64  7:50  SCV  
  68  7:55  Marine x2  
  70  8:01  Command Center  
  70  8:05  SCV  
  67  8:14  Marine, SCV  
  67  8:15  Marine x4  
  67  8:16  Medivac  
  67  8:19  Medivac  
  77  8:22  Refinery  
  77  8:27  SCV  
  77  8:29  SCV  
  77  8:30  Widow Mine x2  
  77  8:32  Marine  
  84  8:35  Marine x2  
  86  8:43  Supply Depot  
  86  8:44  Supply Depot  
  86  8:48  Refinery  
  86  9:04  Marine x5, SCV  
  86  9:05  Widow Mine  
  86  9:06  Medivac, Widow Mine, SCV  
  99  9:10  Armory  
  99  9:15  Orbital Command  
  99  9:17  SCV  
  100  9:22  Marine  
  101  9:32  Marine x3  
  101  9:34  SCV  
  101  9:35  SCV  
Tags
 
Add a new tag
Caveats
  • Supply blocks, unpowered buildings, or Contaminate may cause inaccurate times.
  • Supply counts are checked every 10 seconds.